 Dungeon Crawl Stone Soup version 0.30-b1-2-g02819fbbbe (webtiles) character file.

Game seed: 8838550806412226066

899 Arcadio the Trooper (level 7, 0/99 HPs)
             Began as a Minotaur Monk on May 6, 2023.
             Was a Believer of Qazlal.
             Succumbed to a water moccasin's poison
             ... on level 4 of the Dungeon.
             The game lasted 00:14:47 (3772 turns).

Arcadio the Trooper (Minotaur Monk)                 Turns: 3772, Time: 00:14:47

Health: 0/99       AC: 10    Str: 17    XL:     7   Next: 79%
Magic:  7/8        EV:  9    Int:  7    God:    Qazlal [**....]
Gold:   223        SH:  3    Dex: 13    Spells: 6/6 levels left

rFire   . . .        a - +0 hand axe
rCold   . . .        d - orb {light}
rNeg    . . .        y - +0 chain mail
rPois   .            (helmet restricted)
rElec   .            (no cloak)
rCorr   .            t - +1 pair of gloves
SInv    .            (no boots)
Will    .....        (no amulet) Stlth
                     (no ring)
HPRegen 0.36/turn    (no ring)
MPRegen 0.11/turn

%: no passive effects
@: berserking (expiring), lethally poisoned (0 -> -4), glowing, very quick
A: horns 2, retaliatory headbutt
a: Renounce Religion, Upheaval


You were on level 4 of the Dungeon.
You worshipped Qazlal.
Qazlal was pleased with you.
You visited 1 branch of the dungeon, and saw 5 of its levels.

You collected 223 gold pieces.

Inventory:

Hand Weapons
 a - a +0 hand axe (weapon)
Armour
 b - a +0 robe
 d - an orb of light (worn)
 r - the +0 robe of Leapfrog {Str+4}
   (You found it on level 4 of the Dungeon)

   Str:       It affects your strength (+4).
 t - a +1 pair of gloves (worn)
 y - a +0 chain mail (worn)
Jewellery
 m - a ring of wizardry
Wands
 j - a wand of charming (1)
Scrolls
 f - a scroll of teleportation {unknown}
 g - a scroll of vulnerability {unknown}
 h - 3 scrolls of magic mapping
 k - a scroll of poison {unknown}
 p - 2 scrolls of amnesia {unknown}
 q - a scroll of summoning {unknown}
 s - a scroll of enchant armour {unknown}
 v - a scroll of fear
Potions
 c - a potion of ambrosia
 e - a potion of lignification
 i - a potion of might
 l - a potion of invisibility
 n - 3 potions of berserk rage
 o - a potion of magic
 u - 2 potions of curing {unknown}
 w - a potion of heal wounds {unknown}
 x - 2 potions of haste
 z - a potion of attraction {unknown}


   Skills:
 * Level 7.4 Fighting
 + Level 6.5 Axes
 + Level 5.9 Dodging
 + Level 2.7 Invocations


You had 6 spell levels left.
You didn't know any spells.
Your spell library contained the following spells:

 Spells                   Type           Power      Damage    Failure   Level
 Portal Projectile        Hex/Tloc       0%         N/A       100%        3
 Tukima's Dance           Hex            0%         N/A       100%        3
 Blade Hands              Tmut           0%         N/A       100%        5


Dungeon Overview and Level Annotations

Branches:
Dungeon (5/15) Zot: 25892
 Temple: D:4-7

Altars:
Fedhas
Qazlal
Ru


Innate Abilities, Weirdness & Mutations

You have a pair of horns on your head.
You reflexively headbutt those who attack you in melee.


Message History

You hit the water moccasin.
Your headbutt misses the water moccasin.
The water moccasin is moderately wounded.
The water moccasin bites you but does no damage.
You closely miss the water moccasin.
The water moccasin is moderately wounded.
The water moccasin closely misses you. You block the water moccasin's attack.
You barely miss the water moccasin.
The water moccasin is moderately wounded.
The water moccasin bites you.
You are poisoned.
The water moccasin poisons you!
You slash the water moccasin! You headbutt the water moccasin.
The water moccasin is severely wounded.
You feel very sick. The water moccasin bites you!
* * * LOW HITPOINT WARNING * * *
It was a potion of berserk rage.
A red film seems to cover your vision as you go berserk!
You feel yourself moving faster!
You feel mighty!
You feel very sick. You block the water moccasin's attack.
The water moccasin completely misses you.
You hit the water moccasin.
The water moccasin is almost dead.
You feel sick. The water moccasin bites you!
* * * LOW HITPOINT WARNING * * *
You are too berserk!
You barely miss the water moccasin. You headbutt the water moccasin.
You kill the water moccasin!
Qazlal accepts your kill.
* * * LOW HITPOINT WARNING * * *
You feel sick.
Okay, then.
* * * LOW HITPOINT WARNING * * *
You feel sick.
You feel a strong urge to attack something.
* * * LOW HITPOINT WARNING * * *
You feel sick.
You die...

#.....#.# #.# #.#
..###...# #.# #.#
.##$##..# #.# #.##
.#.[.#..####.#
#..#
.#$∩.#.##....#
##.#
.#$).#.##.#### #.#
.##5##..#.########
#†#
..###.........).>#
#.#
#.....)...######@#
#.# ###..#.#..#
#.# #.##
####.#.#..## #.#
#..#
..~~~~...~.#####.#
##.#
≈≈≈≈~≈≈≈≈≈....##.#
#.#
♣♣♣≈.≈♣♣♣≈.##.##.#
#.# ♣ ♣≈~≈♣
♣≈.##.##.# #.#
♣♣♣≈.≈♣♣♣≈~......#
#.#
≈≈≈≈~≈≈≈≈≈~..<...#
#.#


There were no monsters in sight!

Vanquished Creatures
  A water moccasin (D:4)
  2 black bears (D:4)
  An ogre (D:4)
  A bullfrog (D:4)
  2 scorpions (D:4)
  A jelly (D:4)
  An orc priest (D:3)
  Ijyb (D:4)
  An iguana (D:4)
  4 gnolls
  7 adders
  2 worms
  5 dart slugs
  13 orcs
  8 ball pythons
  2 bats
  8 endoplasms
  6 giant cockroaches
  5 goblins
  11 hobgoblins
  7 quokkas
  5 frilled lizards
  7 kobolds
  7 rats
108 creatures vanquished.

Notes
Turn   | Place    | Note
-------+----------+-------------------------------------------
     0 | D:1      | Arcadio the Minotaur Monk began the quest for the Orb.
     0 | D:1      | Reached XP level 1. HP: 19/19 MP: 0/0
   155 | D:1      | Reached XP level 2. HP: 21/27 MP: 1/1
   210 | D:1      | Reached skill level 4 in Fighting
   600 | D:1      | Reached XP level 3. HP: 33/33 MP: 2/2
  1273 | D:3      | Reached XP level 4. HP: 36/41 MP: 3/3
  1368 | D:3      | Found a sacrificial altar of Ru.
  1459 | D:3      | HP: 2/41 [gnoll/+0 spear (6)]
  1702 | D:2      | Reached skill level 5 in Axes
  1702 | D:2      | Reached XP level 5. HP: 32/47 MP: 4/4
  1764 | D:3      | Reached skill level 5 in Fighting
  2006 | D:3      | Found a stormy altar of Qazlal.
  2010 | D:3      | Found a blossoming altar of Fedhas.
  2108 | D:3      | Found a faded altar of an unknown god.
  2164 | D:3      | Became a worshipper of Qazlal Stormbringer
  2164 | D:3      | Reached * piety under Qazlal
  2164 | D:3      | Reached ** piety under Qazlal
  2431 | D:4      | Noticed Ijyb
  2453 | D:4      | Killed Ijyb
  2668 | D:4      | Noticed a black bear
  2691 | D:5      | Entered Level 5 of the Dungeon
  2691 | D:5      | Noticed a water moccasin
  2698 | D:4      | Reached skill level 5 in Dodging
  2698 | D:4      | Reached skill level 1 in Invocations
  2698 | D:4      | Reached XP level 6. HP: 16/57 MP: 5/5
  2869 | D:4      | Reached skill level 6 in Fighting
  2869 | D:4      | Identified the +0 robe of Leapfrog {Str+4}
  3003 | D:4      | Reached XP level 7. HP: 48/64 MP: 7/7
  3759 | D:4      | Reached skill level 7 in Fighting
  3768 | D:4      | HP: 4/99 [water moccasin (8)]
  3771 | D:4      | HP: 1/99 [poisoned by a water moccasin]
  3772 | D:4      | Succumbed to a water moccasin's poison

Illustrated notes

Levels and vault maps discovered:
D:1:      psy_arrival_fountain, layout_basic
D:2:      layout_rooms, serial_rivers, chequers_serial_rivers_room_a,
          chequers_serial_rivers_micro_e, chequers_serial_rivers_micro_e,
          chequers_serial_rivers_marsh, chequers_serial_rivers_large_a
D:3:      layout_basic, grunt_temple_overflow_forces_of_nature,
          nicolae_ru_awakened_eye, dilly_ecumenical_altar_fadedgnrine,
          st_stairs_1
D:4:      cheibrodos_quashed, layout_loops_ring, kennysheep_boxes, uniq_ijyb
D:5:      layout_layer_cave, minmay_misc_feat_secret_circle, st_stairs_5,
          eino_small_chamber_without_monster, kennysheep_decorative_pillar

Skill      XL: |  1  2  3  4  5  6  7 |
---------------+----------------------+-----
Fighting       | 4 5 6 7 |  7.4
Axes           | 4 5 6 |  6.5
Dodging        | 4 5 |  5.9
Invocations    | 1 2 |  2.7

Action                     |  1- 3 |  4- 6 |  7- 9 || total
---------------------------+-------+-------+-------++-------
  Melee: Hand axe          |    69 |   113 |    49 ||   231
         Headbutt          |    12 |    29 |    12 ||    53
    Use: Scroll            |     1 |     7 |       ||     8
         Potion            |       |     1 |     1 ||     2
 Armour: Robe              |     9 |    20 |       ||    29
         Chain mail        |       |       |    30 ||    30
  Dodge: Dodged            |    51 |    92 |    18 ||   161
  Block: Orb               |       |    11 |     6 ||    17
